 Dungeon Crawl Stone Soup version bcrawl-1.36.4 (webtiles) character file.

Game seed: 5665505905264753315

233770 exe1 the Ducker (level 7, 0/57 HPs)
             Began as a Minotaur Archaeologist on Aug 9, 2022.
             Was a Follower of Wu Jian.
             Slain by a troll (8 damage)
             ... on level 6 of the Dungeon.
             The game lasted 00:17:13 (3754 turns).

exe1 the Ducker (Minotaur Archaeologist)            Turns: 3754, Time: 00:17:14

Health: 0/57       AC: 11    Str: 15    XL:     7   Next: 52%
Magic:  6/6        EV: 11    Int: 13    God:    Wu Jian [*.....]
Gold:   279        SH:  9    Dex: 11    Spells: 6/6 levels left

rFire    + . .     SeeInvis .   y - +0 morningstar
rCold    . . .     Gourm    .   h - +4 buckler of the Ward {Int+2}
rNeg     . . .     Faith    .   s - +0 ring mail
rPois    .         Spirit   .   d - +1 hat
rElec    .         Reflect  .   H - +0 cloak
rCorr    .                      v - +0 pair of gloves
MR       .....                  k - +1 pair of boots
Stlth    ++++......             (no amulet)
HPRegen  0.19/turn              D - ring of protection from fire
MPRegen  0.10/turn              G - ring of stealth

@: no status effects
A: retaliatory headbutt, horns 2
a: Wall Jump, Renounce Religion


You were on level 6 of the Dungeon.
You worshipped Wu Jian.
Wu Jian was aware of your devotion.
You were hungry.

You visited 1 branch of the dungeon, and saw 6 of its levels.
You also visited: Sewer.

You collected 279 gold pieces.

Inventory:

Hand Weapons
 a - a +0 whip
 b - a +0 blowgun
 o - a +0 short sword of protection
 y - a +0 morningstar (weapon)
Missiles
 f - 6 curare-tipped needles
 n - 65 poisoned needles
Armour
 c - a +1 robe
 d - a +1 hat (worn)
 h - the +4 buckler of the Ward (worn) {Int+2}
   (You acquired it on level 3 of the Dungeon)

   It affects your intelligence (+2).
 k - a +1 pair of boots (worn)
 s - a +0 ring mail (worn)
 v - a +0 pair of gloves (worn)
 H - a +0 cloak (worn)
Jewellery
 l - an uncursed amulet of faith
 C - an uncursed ring of magical power
 D - a ring of protection from fire (left hand)
 G - a ring of stealth (right hand)
Wands
 w - a wand of digging (7)
 B - a wand of iceblast (9)
 K - a wand of charming (12)
Scrolls
 e - a scroll of noise {unknown}
 g - 2 scrolls of magic mapping
 i - 2 scrolls of identify
 m - 9 scrolls of teleportation {unknown}
 q - a scroll of enchant weapon {unknown}
 u - a scroll of fear {unknown}
 A - a scroll of immolation {unknown}
 F - a scroll of remove curse {unknown}
 I - a scroll of blinking {unknown}
Potions
 j - 2 potions of heal wounds {unknown}
 p - 3 potions of degeneration {unknown}
 r - a potion of invisibility {unknown}
 t - a potion of ambrosia {unknown}
 x - a potion of lignification {unknown}
 z - 2 potions of curing {unknown}
 E - a potion of cancellation {unknown}
 J - 3 potions of flight


   Skills:
 + Level 3.1 Fighting
 + Level 1.3 Short Blades
 + Level 5.1 Maces & Flails
 + Level 3.2 Armour
 + Level 5.6 Dodging
 + Level 3.9 Stealth
 + Level 2.7 Shields


You had 6 spell levels left.
You didn't know any spells.
Your spell library was empty.

Dungeon Overview and Level Annotations

Branches:
Dungeon (6/12)
 Temple: D:4-7

Altars:
Wu Jian


Innate Abilities, Weirdness & Mutations

You reflexively headbutt those who attack you in melee.
You have a pair of horns on your head.


Message History

The troll claws you.
You hit the orc warrior but do no damage.
The orc warrior is moderately wounded.
The orc warrior hits you with a +0 long sword.
You block the troll's attack. The troll claws you but does no damage.
The troll claws you!
You are feeling hungry.
You barely miss the orc warrior. Your headbutt misses the orc warrior.
The orc warrior is moderately wounded.
The orc warrior hits you with a +0 long sword.
* * * LOW HITPOINT WARNING * * *
You block the troll's attack. The troll claws you.
* * * LOW HITPOINT WARNING * * *
You block the troll's attack.
You puncture the orc warrior!
The orc warrior is severely wounded.
The troll barely misses you. The troll claws you!
* * * LOW HITPOINT WARNING * * *
The troll claws you!
You die...

################
#.........[<....
#.##############
#.# ###.###
#@o...# #T###.#
.oo# .# ...#.# .
.....#.. .# ##.#
### # #. #


You could see a troll, an orc warrior, an orc priest and an orc.

Vanquished Creatures
  A sky beast (D:5)
  3 ogres (D:4)
  A centaur (D:5)
  A crimson imp (D:5)
  A hound (D:5)
  2 jellies (D:5)
  A hound zombie (D:5)
  A hound skeleton (D:5)
  5 adders
  A river rat (D:5)
  3 oozes
  2 worms
  3 dart slugs
  10 leopard geckos
  6 orcs
  5 ball pythons
  14 bats
  5 giant cockroaches
  11 goblins
  12 hobgoblins
  13 jackals
  4 quokkas
  5 frilled lizards
  4 kobolds
  10 rats
124 creatures vanquished.

Notes
Turn   | Place    | Note
-------+----------+-------------------------------------------
     0 | D:1      | exe1 the Minotaur Archaeologist began the quest for the
                  | Orb.
     0 | D:1      | Reached XP level 1. HP: 16/16 MP: 0/0
   152 | D:1      | Reached XP level 2. HP: 19/23 MP: 1/1
   610 | D:1      | Reached XP level 3. HP: 21/28 MP: 2/2
  1060 | D:2      | Found a faded altar of an unknown god.
  1167 | D:2      | Reached XP level 4. HP: 35/35 MP: 3/3
  2033 | D:3      | Reached skill level 1 in Short Blades
  2063 | D:3      | Reached skill level 1 in Armour
  2063 | D:3      | Reached XP level 5. HP: 20/41 MP: 4/4
  2063 | D:3      | Identified a scroll of acquirement
  2149 | D:3      | Identified the +4 buckler of the Ward {Int+2} (You acquired
                  | it on level 3 of the Dungeon)
  2149 | D:3      | Identified the ring "Xadorchai" {Wiz rElec rC+ Dex+7 SInv}
                  | (You acquired it on level 3 of the Dungeon)
  2393 | D:4      | Noticed an ogre
  2403 | D:4      | Killed an ogre
  2552 | D:4      | Noticed an ogre
  2557 | D:4      | Noticed an ogre
  2560 | D:4      | Killed an ogre
  2561 | D:4      | Reached XP level 6. HP: 50/50 MP: 5/5
  2564 | D:4      | Reached skill level 1 in Shields
  2656 | D:4      | Found an ornate altar of the Wu Jian Council.
  2671 | D:4      | Became a worshipper of the Wu Jian Council
  2868 | D:5      | Entered Level 5 of the Dungeon
  2901 | D:5      | Reached skill level 5 in Dodging
  2901 | D:5      | Reached XP level 7. HP: 42/56 MP: 6/6
  2937 | D:5      | Found a glowing drain.
  2963 | Sewer    | Entered a sewer
  3468 | D:5      | Reached skill level 5 in Maces & Flails
  3585 | D:5      | Reached * piety under Wu Jian
  3744 | D:6      | Noticed a troll
  3754 | D:6      | Slain by a troll

Skill      XL: |  1  2  3  4  5  6  7 |
---------------+----------------------+-----
Stealth        | 3 |  3.9
Dodging        | 4 5 |  5.6
Maces & Flails | 2 4 5 |  5.1
Short Blades   | 1 |  1.3
Fighting       | 2 3 |  3.1
Armour         | 1 2 3 |  3.2
Shields        | 2 |  2.7

Action                   |  1- 3 |  4- 6 |  7- 9 || total
-------------------------+-------+-------+-------++-------
Melee: Whip              |    77 |       |       ||    77
       Headbutt          |    11 |    17 |    16 ||    44
       Short sword       |    53 |    33 |       ||    86
       Morningstar       |       |    91 |   115 ||   206
Invok: Lunge             |       |     1 |     6 ||     7
       Whirlwind         |       |       |    11 ||    11
Evoke: Wand              |       |     1 |       ||     1
  Use: Scroll            |     1 |     5 |       ||     6
       Potion            |       |       |     1 ||     1
 Stab: Sleeping          |     1 |     1 |     8 ||    10
  Eat: Ration            |     2 |     2 |     1 ||     5
       Chunk             |       |     2 |       ||     2
Armor: Robe              |    32 |       |       ||    32
       Ring mail         |    22 |    60 |    53 ||   135
Dodge: Dodged            |   124 |    74 |    63 ||   261
Block: Buckler           |       |    22 |    66 ||    88
